Tucson Roadrunners vs Abbotsford Heat
Created - Friday, February 2, 2024 at 07:26
Goals
|
| Tucson Roadrunners |
0 |
2 |
0 |
2 |
| Abbotsford Heat |
2 |
0 |
2 |
4 |
|
Shots
|
| Tucson Roadrunners |
8 |
14 |
13 |
35 |
| Abbotsford Heat |
6 |
5 |
9 |
20 |
|
1st period
1. Abbotsford Heat , Bobby Brink 1 (Oskar Lindblom 2, Benoit-Olivier Groulx 2) at 12:41 (PP)
2. Abbotsford Heat , Garnet Hathaway 1 (Denis Malgin 1, Vincent Desharnais 1) at 18:49
Penalties :
Ryan Merkley (ABH) for Slashing (Double Minor) at 4:42, Ross Colton (TRR) for Hooking (Minor) at 12:24
2nd period
3. Tucson Roadrunners , Marian Studenic 1 (Samuel Knazko 1) at 2:29
4. Tucson Roadrunners , William Carrier 1 (Ronan Seeley 1, Ross Colton 2) at 15:36
Penalties :
Ryan Merkley (ABH) for Kneeing (Minor) at 16:57
3rd period
5. Abbotsford Heat , Denis Malgin 1 (Daniil Miromanov 1, Alex Limoges 1) at 5:27 (PP)
6. Abbotsford Heat , Daniil Gushchin 1 (Alex Limoges 2, Wyatt Newpower 1) at 19:20 (Empty Net)
Penalties :
William Carrier (TRR) for Interference (Minor) at 5:10, Ryan Merkley (ABH) for High sticking (Minor) at 8:17
Goalie Stats
Jaroslav Halak (TRR), 16 saves from 19 shots - (0.842), L, 1-1-0, 59:29 minutes
Michael Houser (ABH), 33 saves from 35 shots - (0.943), W, 1-1-0, 60:00 minutes
Players Stats for Tucson Roadrunners
Player Name G A P +/- PIM S H SB GA TA FO MP PP MP PK MP
------------------------------------------------------------------------------------
Anthony Richard 0 0 0 1 0 3 1 0 0 1 0/0 14:58 0:17 0:17
Benjamin Jones 0 0 0 0 0 0 0 0 1 0 1/3 8:02 0:13 0:00
Brock McGinn 0 0 0 1 0 0 4 0 0 0 2/4 16:51 2:46 0:17
Carson Soucy 0 0 0 -2 0 3 3 3 0 1 0/0 24:59 4:13 0:06
Fabian Lysell 0 0 0 0 0 0 2 0 0 0 0/0 6:05 1:32 0:00
Johnathan Kovacevic 0 0 0 -2 0 1 7 1 0 2 0/0 24:59 4:13 0:06
Logan Shaw 0 0 0 -1 0 3 1 2 0 0 0/1 19:00 3:36 0:00
Marian Studenic 1 0 1 1 0 2 1 0 0 0 2/3 15:17 1:16 0:00
Mark Jankowski 0 0 0 -1 0 2 2 0 0 1 2/6 18:56 3:34 0:00
Matt Nieto 0 0 0 -1 0 4 1 0 0 0 1/1 19:18 3:33 0:17
Nick Seeler 0 0 0 0 0 0 0 0 0 0 0/0 20:27 3:13 0:28
Nicolas Petan 0 0 0 1 0 1 2 0 0 1 2/8 15:33 1:32 0:00
Robert Hagg 0 0 0 0 0 3 1 1 2 0 0/0 20:41 3:13 0:28
Ronan Seeley 0 1 1 2 0 0 0 0 0 0 0/0 14:37 0:31 0:00
Ross Colton 0 1 1 0 2 3 0 3 0 0 9/25 20:40 2:46 0:17
Samuel Knazko 0 1 1 2 0 0 0 0 0 0 0/0 14:32 0:31 0:00
Walker Duehr 0 0 0 -1 0 0 0 0 0 0 0/1 7:45 0:00 0:00
William Carrier 1 0 1 0 2 10 3 1 0 0 0/0 16:44 2:46 0:00
Players Stats for Abbotsford Heat
Player Name G A P +/- PIM S H SB GA TA FO MP PP MP PK MP
------------------------------------------------------------------------------------
Alex Limoges 0 2 2 1 0 1 1 0 0 0 14/22 19:46 0:17 3:51
Ben Meyers 0 0 0 0 0 2 0 0 2 1 1/3 16:33 0:00 0:00
Benoit-Olivier Groulx 0 1 1 -1 0 2 1 0 0 1 8/13 15:32 0:17 0:00
Bobby Brink 1 0 1 -1 0 1 1 0 0 0 1/1 15:31 0:17 0:00
Chaz Lucius 0 0 0 0 0 0 0 0 0 0 0/0 2:43 0:00 0:00
Daniil Gushchin 1 0 1 1 0 3 1 0 0 0 0/0 14:56 0:00 0:46
Daniil Miromanov 0 1 1 0 0 2 2 1 1 0 0/0 24:52 0:06 3:54
Denis Malgin 1 1 2 0 0 2 1 0 2 0 0/0 18:34 0:17 2:58
Garnet Hathaway 1 0 1 0 0 3 1 1 0 0 1/3 21:44 0:17 2:31
Jack Thompson 0 0 0 0 0 0 1 0 0 0 0/0 16:23 0:00 1:22
Lane Pederson 0 0 0 1 0 2 1 1 0 0 3/5 15:42 0:00 1:28
Lucas Condotta 0 0 0 0 0 0 1 0 0 0 0/0 6:03 0:00 0:00
Oskar Lindblom 0 1 1 -1 0 1 3 2 0 0 4/4 18:51 0:17 3:48
Ryan Merkley 0 0 0 0 8 1 0 0 1 0 0/0 16:53 0:28 0:00
Vincent Desharnais 0 1 1 0 0 0 1 3 0 0 0/0 24:55 0:06 4:19
Vincent Iorio 0 0 0 0 0 0 0 4 0 1 0/0 19:22 0:28 3:22
Wyatt Newpower 0 1 1 0 0 0 0 0 0 0 0/0 18:07 0:00 2:57
Xavier Simoneau 0 0 0 0 0 0 1 0 0 0 1/1 5:19 0:00 0:32
3 Stars
1 - Denis Malgin (ABH)
2 - Michael Houser (ABH)
3 - Alex Limoges (ABH)
Power Play
Tucson Roadrunners - 0 on 4 Attempt(s) - 0.00%
Abbotsford Heat - 2 on 2 Attempt(s) - 100.00%
Penalty Kill
Tucson Roadrunners - 0 on 2 Attempt(s) - 0.00%
- Score 0 goal in Penalty Kill
Abbotsford Heat - 4 on 4 Attempt(s) - 100.00%
- Score 0 goal in Penalty Kill
Team Stat
Tucson Roadrunners - Hits : 28 - Faceoff Wins : 19 - Blocked Shots : 11 - Penalty Minutes : 4
Abbotsford Heat - Hits : 16 - Faceoff Wins : 33 - Blocked Shots : 12 - Penalty Minutes : 8
Official
Referees : Francis Charron and Jean Hebert
Linesman : Trent Knorr and Jonny Murray
Game Notes
Daniil Gushchin has scored in a empty net!
Tucson Roadrunners
5 vs 5 Forward
Center Left Wing Right Wing Time % Phy DF OF
1 Ross Colton William Carrier Brock McGinn 30 1 2 2
2 Mark Jankowski Matt Nieto Logan Shaw 30 1 2 2
3 Nicolas Petan Anthony Richard Marian Studenic 25 1 2 2
4 Benjamin Jones Ross Colton Walker Duehr 15 1 2 2
5 vs 5 Defense
Defense Defense Time % Phy DF OF
1 Carson Soucy Johnathan Kovacevic 30 1 2 2
2 Robert Hagg Nick Seeler 30 1 2 2
3 Ronan Seeley Samuel Knazko 25 1 2 2
4 Carson Soucy Johnathan Kovacevic 15 1 2 2
PowerPlay Forward
Center Left Wing Right Wing Time % Phy DF OF
1 Ross Colton William Carrier Brock McGinn 50 1 2 2
2 Mark Jankowski Matt Nieto Logan Shaw 50 1 2 2
PowerPlay Defense
Defense Defense Time % Phy DF OF
1 Carson Soucy Johnathan Kovacevic 50 1 2 2
2 Robert Hagg Nick Seeler 50 1 2 2
Penalty Kill 4 Players Forward
Center Wing Time % Phy DF OF
1 Ross Colton William Carrier 50 1 2 2
2 Brock McGinn Matt Nieto 50 1 2 2
Penalty Kill 4 Players Defense
Defense Defense Time % Phy DF OF
1 Carson Soucy Johnathan Kovacevic 50 1 2 2
2 Robert Hagg Nick Seeler 50 1 2 2
Penalty Kill - 3 Players Forward
Forward Time % Phy DF OF
1 Ross Colton 50 1 2 2
2 William Carrier 50 1 2 2
Penalty Kill - 3 Players Defense
Defense Defense Time % Phy DF OF
1 Carson Soucy Johnathan Kovacevic 50 1 2 2
2 Robert Hagg Nick Seeler 50 1 2 2
4 vs 4 Forward
Center Wing Time % Phy DF OF
1 Ross Colton William Carrier 50 1 2 2
2 Brock McGinn Matt Nieto 50 1 2 2
4 vs 4 Defense
Defense Defense Time % Phy DF OF
1 Carson Soucy Johnathan Kovacevic 50 1 2 2
2 Robert Hagg Nick Seeler 50 1 2 2
Last Minutes Offensive
Center Left Wing Right Wing Defense Defense
Ross Colton William Carrier Brock McGinn Carson Soucy Johnathan Kovacevic
Last Minutes Defensive
Center Left Wing Right Wing Defense Defense
Ross Colton William Carrier Brock McGinn Carson Soucy Johnathan Kovacevic
Goaltenders
Starting : Jaroslav Halak
Backup : Kaapo Kahkonen
Extra Forwards
Normal : Fabian Lysell, Nicolas Petan, Anthony Richard - PP : Fabian Lysell, Nicolas Petan - PK : Anthony Richard
Extra Defensemen
Normal : Ronan Seeley, Samuel Knazko, Robert Hagg - PP : Ronan Seeley - PK : Samuel Knazko, Robert Hagg
Penalty Shots
Ross Colton, William Carrier, Brock McGinn, Matt Nieto, Mark Jankowski
Abbotsford Heat
5 vs 5 Forward
Center Left Wing Right Wing Time % Phy DF OF
1 Alex Limoges Garnet Hathaway Denis Malgin 30 1 2 2
2 Benoit-Olivier Groulx Oskar Lindblom Bobby Brink 30 1 2 2
3 Lane Pederson Daniil Gushchin Ben Meyers 25 1 2 2
4 Ben Meyers Lucas Condotta Garnet Hathaway 15 1 2 2
5 vs 5 Defense
Defense Defense Time % Phy DF OF
1 Vincent Desharnais Daniil Miromanov 30 1 2 2
2 Vincent Iorio Ryan Merkley 30 1 2 2
3 Jack Thompson Wyatt Newpower 25 1 2 2
4 Vincent Desharnais Daniil Miromanov 15 1 2 2
PowerPlay Forward
Center Left Wing Right Wing Time % Phy DF OF
1 Alex Limoges Garnet Hathaway Denis Malgin 50 1 2 2
2 Benoit-Olivier Groulx Oskar Lindblom Bobby Brink 50 1 2 2
PowerPlay Defense
Defense Defense Time % Phy DF OF
1 Vincent Desharnais Daniil Miromanov 50 1 2 2
2 Vincent Iorio Ryan Merkley 50 1 2 2
Penalty Kill 4 Players Forward
Center Wing Time % Phy DF OF
1 Garnet Hathaway Denis Malgin 50 1 2 2
2 Oskar Lindblom Alex Limoges 50 1 2 2
Penalty Kill 4 Players Defense
Defense Defense Time % Phy DF OF
1 Vincent Desharnais Daniil Miromanov 50 1 2 2
2 Vincent Iorio Ryan Merkley 50 1 2 2
Penalty Kill - 3 Players Forward
Forward Time % Phy DF OF
1 Garnet Hathaway 50 1 2 2
2 Denis Malgin 50 1 2 2
Penalty Kill - 3 Players Defense
Defense Defense Time % Phy DF OF
1 Vincent Desharnais Daniil Miromanov 50 1 2 2
2 Vincent Iorio Ryan Merkley 50 1 2 2
4 vs 4 Forward
Center Wing Time % Phy DF OF
1 Garnet Hathaway Denis Malgin 50 1 2 2
2 Oskar Lindblom Alex Limoges 50 1 2 2
4 vs 4 Defense
Defense Defense Time % Phy DF OF
1 Vincent Desharnais Daniil Miromanov 50 1 2 2
2 Vincent Iorio Ryan Merkley 50 1 2 2
Last Minutes Offensive
Center Left Wing Right Wing Defense Defense
Alex Limoges Garnet Hathaway Denis Malgin Vincent Desharnais Daniil Miromanov
Last Minutes Defensive
Center Left Wing Right Wing Defense Defense
Alex Limoges Garnet Hathaway Denis Malgin Vincent Desharnais Daniil Miromanov
Goaltenders
Starting : Michael Houser
Backup : Unknown Goalie
Extra Forwards
Normal : Xavier Simoneau, Chaz Lucius, Lane Pederson - PP : Xavier Simoneau, Chaz Lucius - PK : Lane Pederson
Extra Defensemen
Normal : Jack Thompson, Wyatt Newpower, Vincent Iorio - PP : Jack Thompson - PK : Wyatt Newpower, Vincent Iorio
Penalty Shots
Garnet Hathaway, Denis Malgin, Oskar Lindblom, Alex Limoges, Benoit-Olivier Groulx
% Time on Ice - Tucson Roadrunners
Lines # - Real PCT - Wanted PCT - Time Play
Normal Forward
1 - 26% - 30% - 13:23
2 - 35% - 30% - 18:00
3 - 25% - 25% - 12:36
4 - 14% - 15% - 6:55
Normal Defense
1 - 27% - 30% - 13:36
2 - 33% - 30% - 16:46
3 - 28% - 25% - 14:03
4 - 13% - 15% - 6:29
PP Forward
1 - 42% - 50% - 3:21
2 - 58% - 50% - 4:36
PP Defense
1 - 53% - 50% - 4:13
2 - 47% - 50% - 3:44
PK Forward
1 - 50% - 50% - 0:17
2 - 50% - 50% - 0:17
PK Defense
1 - 18% - 50% - 0:06
2 - 82% - 50% - 0:28
PK3 Forward
1 - 0% - 50%
2 - 0% - 50%
PK3 Defense
1 - 0% - 50%
2 - 0% - 50%
44 Forward
1 - 0% - 50%
2 - 0% - 50%
44 Defense
1 - 0% - 50%
2 - 0% - 50%
Last Minute Offensive - 0:35
Last Minute Defensive - 0:00
Total
Forward - 60:00
Defense - 60:00
|
% Time on Ice - Abbotsford Heat
Lines # - Real PCT - Wanted PCT - Time Play
Normal Forward
1 - 29% - 30% - 14:51
2 - 35% - 30% - 17:51
3 - 24% - 25% - 12:24
4 - 11% - 15% - 5:49
Normal Defense
1 - 29% - 30% - 14:37
2 - 32% - 30% - 16:21
3 - 27% - 25% - 13:54
4 - 12% - 15% - 6:03
PP Forward
1 - 50% - 50% - 0:17
2 - 50% - 50% - 0:17
PP Defense
1 - 18% - 50% - 0:06
2 - 82% - 50% - 0:28
PK Forward
1 - 47% - 50% - 3:42
2 - 53% - 50% - 4:15
PK Defense
1 - 42% - 50% - 3:20
2 - 58% - 50% - 4:37
PK3 Forward
1 - 0% - 50%
2 - 0% - 50%
PK3 Defense
1 - 0% - 50%
2 - 0% - 50%
44 Forward
1 - 0% - 50%
2 - 0% - 50%
44 Defense
1 - 0% - 50%
2 - 0% - 50%
Last Minute Offensive - 0:00
Last Minute Defensive - 0:34
Total
Forward - 60:00
Defense - 60:00
|
Play-by-Play
1st period
0:01 of 1st period - Alex Limoges wins face-off versus Ross Colton in neutral zone.
0:09 of 1st period - Slapshot by Daniil Miromanov.
0:09 of 1st period - Shot Blocked by Carson Soucy.
0:11 of 1st period - Slapshot by Vincent Desharnais.
0:11 of 1st period - Shot Blocked by Johnathan Kovacevic.
0:13 of 1st period - Snap shot by Vincent Desharnais.
0:13 of 1st period - Shot Misses the Net.
0:25 of 1st period - Benoit-Olivier Groulx is hit by Carson Soucy and loses puck.
0:30 of 1st period - Snap shot by Matt Nieto.
0:30 of 1st period - Shot Misses the Net.
0:32 of 1st period - Snap shot by Matt Nieto.
0:32 of 1st period - Shot Misses the Net.
0:45 of 1st period - Icing by Oskar Lindblom.
0:46 of 1st period - Benoit-Olivier Groulx wins face-off versus Nicolas Petan in Abbotsford Heat zone.
0:51 of 1st period - Lane Pederson is hit by Nicolas Petan and loses puck.
1:11 of 1st period - Daniil Gushchin is hit by Anthony Richard and loses puck.
1:16 of 1st period - Snap shot by Nicolas Petan.
1:16 of 1st period - Stopped by Michael Houser with a rebound.
1:56 of 1st period - Slapshot by Daniil Gushchin.
1:56 of 1st period - Shot Misses the Net.
1:58 of 1st period - Wrist shot by Daniil Miromanov.
1:58 of 1st period - Stopped by Jaroslav Halak without a rebound.
1:59 of 1st period - Alex Limoges wins face-off versus Walker Duehr in Tucson Roadrunners zone.
2:29 of 1st period - Slapshot by Logan Shaw.
2:29 of 1st period - Shot Misses the Net.
2:31 of 1st period - Wrist shot by Logan Shaw.
2:31 of 1st period - Stopped by Michael Houser without a rebound.
2:32 of 1st period - Benoit-Olivier Groulx wins face-off versus Mark Jankowski in Abbotsford Heat zone.
3:35 of 1st period - Wrist shot by Mark Jankowski.
3:35 of 1st period - Shot Misses the Net.
3:41 of 1st period - Snap shot by Mark Jankowski.
3:41 of 1st period - Shot Misses the Net.
3:57 of 1st period - Snap shot by Mark Jankowski.
3:57 of 1st period - Shot Misses the Net.
3:59 of 1st period - Wrist shot by Logan Shaw.
3:59 of 1st period - Shot Hit the Post.
4:01 of 1st period - Wrist shot by Matt Nieto.
4:01 of 1st period - Stopped by Michael Houser with a rebound.
4:17 of 1st period - Wrist shot by Logan Shaw.
4:17 of 1st period - Stopped by Michael Houser with a rebound.
4:19 of 1st period - Snap shot by Matt Nieto.
4:19 of 1st period - Shot Misses the Net.
4:25 of 1st period - Snap shot by Matt Nieto.
4:25 of 1st period - Deflect By Logan Shaw.
4:25 of 1st period - Shot Misses the Net.
4:25 of 1st period - Puck is out of play.
4:26 of 1st period - Benoit-Olivier Groulx wins face-off versus Brock McGinn in Abbotsford Heat zone.
4:42 of 1st period - Double Minor Penalty to Ryan Merkley for Slashing.
4:43 of 1st period - Oskar Lindblom wins face-off versus Ross Colton in Abbotsford Heat zone.
4:48 of 1st period - Icing by Johnathan Kovacevic.
4:49 of 1st period - Alex Limoges wins face-off versus Ross Colton in Tucson Roadrunners zone.
6:06 of 1st period - Denis Malgin is hit by Robert Hagg and loses puck.
7:45 of 1st period - Denis Malgin is hit by Marian Studenic and loses puck.
8:16 of 1st period - Mark Jankowski is hit by Xavier Simoneau and loses puck.
8:42 of 1st period - Penalty to Ryan Merkley is over, Ryan Merkley is back on ice.
8:45 of 1st period - Carson Soucy is hit by Benoit-Olivier Groulx and loses puck.
9:21 of 1st period - Walker Duehr is hit by Vincent Desharnais and loses puck.
10:34 of 1st period - Ben Meyers is hit by Johnathan Kovacevic.
12:24 of 1st period - Minor Penalty to Ross Colton for Hooking.
12:25 of 1st period - Brock McGinn wins face-off versus Benoit-Olivier Groulx in Tucson Roadrunners zone.
12:31 of 1st period - Snap shot by Matt Nieto.
12:31 of 1st period - Deflect By Brock McGinn.
12:31 of 1st period - Shot Misses the Net.
12:31 of 1st period - Puck is out of play.
12:32 of 1st period - Benoit-Olivier Groulx wins face-off versus Brock McGinn in Abbotsford Heat zone.
12:41 of 1st period - Slapshot by Bobby Brink.
12:41 of 1st period - Goal by Bobby Brink - Tucson Roadrunners : 0 - Abbotsford Heat : 1.
12:42 of 1st period - Alex Limoges wins face-off versus Ross Colton in neutral zone.
12:45 of 1st period - Wrist shot by Denis Malgin.
12:45 of 1st period - Shot Misses the Net.
12:49 of 1st period - Snap shot by Denis Malgin.
12:49 of 1st period - Stopped by Jaroslav Halak with a rebound.
12:51 of 1st period - Slapshot by Ryan Merkley.
12:51 of 1st period - Shot Blocked by Ross Colton.
12:53 of 1st period - Snap shot by Denis Malgin.
12:53 of 1st period - Shot Misses the Net.
12:55 of 1st period - Slapshot by Ryan Merkley.
12:55 of 1st period - Deflect By Johnathan Kovacevic.
12:55 of 1st period - Stopped by Jaroslav Halak without a rebound.
12:56 of 1st period - Benoit-Olivier Groulx wins face-off versus Ross Colton in Tucson Roadrunners zone.
12:59 of 1st period - Snap shot by Bobby Brink.
12:59 of 1st period - Shot Misses the Net.
13:09 of 1st period - Wrist shot by Brock McGinn.
13:09 of 1st period - Deflect By William Carrier.
13:09 of 1st period - Shot Misses the Net.
13:09 of 1st period - Puck is out of play.
13:10 of 1st period - Alex Limoges wins face-off versus Nicolas Petan in Abbotsford Heat zone.
13:17 of 1st period - Snap shot by Nicolas Petan.
13:17 of 1st period - Shot Misses the Net.
13:19 of 1st period - Slapshot by Johnathan Kovacevic.
13:19 of 1st period - Shot Blocked by Vincent Desharnais.
13:25 of 1st period - Slapshot by Nicolas Petan.
13:25 of 1st period - Deflect By Marian Studenic.
13:25 of 1st period - Shot Misses the Net.
13:25 of 1st period - Puck is out of play.
13:26 of 1st period - Ross Colton wins face-off versus Benoit-Olivier Groulx in Abbotsford Heat zone.
13:27 of 1st period - Snap shot by William Carrier.
13:27 of 1st period - Stopped by Michael Houser without a rebound.
13:28 of 1st period - Oskar Lindblom wins face-off versus Ross Colton in Abbotsford Heat zone.
13:35 of 1st period - Snap shot by Ross Colton.
13:35 of 1st period - Stopped by Michael Houser with a rebound.
13:37 of 1st period - Wrist shot by Robert Hagg.
13:37 of 1st period - Stopped by Michael Houser without a rebound.
13:38 of 1st period - Alex Limoges wins face-off versus Ross Colton in Abbotsford Heat zone.
14:03 of 1st period - Nicolas Petan is hit by Oskar Lindblom and loses puck.
14:12 of 1st period - Snap shot by Marian Studenic.
14:12 of 1st period - Shot Misses the Net.
14:51 of 1st period - Slapshot by Ross Colton.
14:51 of 1st period - Shot Blocked by Vincent Iorio.
16:15 of 1st period - Samuel Knazko is hit by Alex Limoges and loses puck.
17:09 of 1st period - Wyatt Newpower is hit by Fabian Lysell.
17:31 of 1st period - Wrist shot by Nicolas Petan.
17:31 of 1st period - Shot Misses the Net.
17:33 of 1st period - Slapshot by Robert Hagg.
17:33 of 1st period - Stopped by Michael Houser with a rebound.
17:49 of 1st period - Lane Pederson is hit by Johnathan Kovacevic.
18:04 of 1st period - Icing by Oskar Lindblom.
18:05 of 1st period - Alex Limoges wins face-off versus Benjamin Jones in Abbotsford Heat zone.
18:09 of 1st period - Off-side.
18:10 of 1st period - Alex Limoges wins face-off versus Nicolas Petan in neutral zone.
18:39 of 1st period - Snap shot by Denis Malgin.
18:39 of 1st period - Shot Misses the Net.
18:41 of 1st period - Slapshot by Vincent Desharnais.
18:41 of 1st period - Shot Misses the Net.
18:43 of 1st period - Wrist shot by Garnet Hathaway.
18:43 of 1st period - Shot Misses the Net.
18:49 of 1st period - Wrist shot by Garnet Hathaway.
18:49 of 1st period - Goal by Garnet Hathaway - Tucson Roadrunners : 0 - Abbotsford Heat : 2.
18:50 of 1st period - Ross Colton wins face-off versus Benoit-Olivier Groulx in neutral zone.
18:59 of 1st period - Johnathan Kovacevic is hit by Oskar Lindblom and loses puck.
19:16 of 1st period - Johnathan Kovacevic is hit by Daniil Gushchin and loses puck.
19:27 of 1st period - Slapshot by Lane Pederson.
19:27 of 1st period - Stopped by Jaroslav Halak with a rebound.
19:39 of 1st period - Wrist shot by Logan Shaw.
19:39 of 1st period - Shot Misses the Net.
19:41 of 1st period - Slapshot by Carson Soucy.
19:41 of 1st period - Shot Misses the Net.
19:43 of 1st period - Wrist shot by Matt Nieto.
19:43 of 1st period - Shot Misses the Net.
Goals for this period are 0 for Tucson Roadrunners vs 2 for Abbotsford Heat.
Shots for this period are 8 for Tucson Roadrunners vs 6 for Abbotsford Heat.
2nd period
0:01 of 2nd period - Benoit-Olivier Groulx wins face-off versus Ross Colton in neutral zone.
0:12 of 2nd period - Snap shot by William Carrier.
0:12 of 2nd period - Stopped by Michael Houser with a rebound.
0:14 of 2nd period - Snap shot by William Carrier.
0:14 of 2nd period - Stopped by Michael Houser without a rebound.
0:15 of 2nd period - Matt Nieto wins face-off versus Ben Meyers in Abbotsford Heat zone.
0:16 of 2nd period - Wrist shot by Mark Jankowski.
0:16 of 2nd period - Shot Misses the Net.
0:18 of 2nd period - Wrist shot by Logan Shaw.
0:18 of 2nd period - Stopped by Michael Houser without a rebound.
0:19 of 2nd period - Lane Pederson wins face-off versus Mark Jankowski in Abbotsford Heat zone.
0:29 of 2nd period - Icing by Mark Jankowski.
0:30 of 2nd period - Mark Jankowski wins face-off versus Alex Limoges in Tucson Roadrunners zone.
0:51 of 2nd period - Snap shot by Matt Nieto.
0:51 of 2nd period - Stopped by Michael Houser without a rebound.
0:52 of 2nd period - Benoit-Olivier Groulx wins face-off versus Ross Colton in Abbotsford Heat zone.
0:52 of 2nd period - Benoit-Olivier Groulx is hit by Brock McGinn.
0:55 of 2nd period - Icing by Bobby Brink.
0:56 of 2nd period - Benoit-Olivier Groulx wins face-off versus Ross Colton in Abbotsford Heat zone.
1:03 of 2nd period - Vincent Desharnais is hit by William Carrier and loses puck.
1:29 of 2nd period - Wrist shot by Anthony Richard.
1:29 of 2nd period - Stopped by Michael Houser with a rebound.
1:31 of 2nd period - Slapshot by Carson Soucy.
1:31 of 2nd period - Stopped by Michael Houser with a rebound.
1:49 of 2nd period - Snap shot by Garnet Hathaway.
1:49 of 2nd period - Shot Misses the Net.
1:51 of 2nd period - Wrist shot by Alex Limoges.
1:51 of 2nd period - Stopped by Jaroslav Halak with a rebound.
2:29 of 2nd period - Slapshot by Marian Studenic.
2:29 of 2nd period - Goal by Marian Studenic - Tucson Roadrunners : 1 - Abbotsford Heat : 2.
2:30 of 2nd period - Bobby Brink wins face-off versus Ross Colton in neutral zone.
2:45 of 2nd period - Snap shot by Bobby Brink.
2:45 of 2nd period - Deflect By Benoit-Olivier Groulx.
2:45 of 2nd period - Stopped by Jaroslav Halak without a rebound.
2:46 of 2nd period - Alex Limoges wins face-off versus Nicolas Petan in Tucson Roadrunners zone.
3:35 of 2nd period - Ryan Merkley is hit by Nicolas Petan and loses puck.
4:04 of 2nd period - Bobby Brink is hit by Johnathan Kovacevic and loses puck.
4:18 of 2nd period - Snap shot by Marian Studenic.
4:18 of 2nd period - Shot Blocked by Vincent Iorio.
4:20 of 2nd period - Snap shot by Marian Studenic.
4:20 of 2nd period - Stopped by Michael Houser without a rebound.
4:21 of 2nd period - Ross Colton wins face-off versus Lane Pederson in Abbotsford Heat zone.
4:36 of 2nd period - Wrist shot by Daniil Gushchin.
4:36 of 2nd period - Shot Hit the Post.
4:46 of 2nd period - Garnet Hathaway is hit by Matt Nieto and loses puck.
5:08 of 2nd period - Slapshot by Ross Colton.
5:08 of 2nd period - Stopped by Michael Houser with a rebound.
5:12 of 2nd period - Snap shot by Ross Colton.
5:12 of 2nd period - Shot Blocked by Lane Pederson.
6:08 of 2nd period - Bobby Brink is hit by Mark Jankowski and loses puck.
9:28 of 2nd period - Icing by Chaz Lucius.
9:29 of 2nd period - Xavier Simoneau wins face-off versus Ross Colton in Abbotsford Heat zone.
9:48 of 2nd period - Bobby Brink is hit by Mark Jankowski and loses puck.
9:53 of 2nd period - Snap shot by Matt Nieto.
9:53 of 2nd period - Stopped by Michael Houser with a rebound.
9:55 of 2nd period - Snap shot by Mark Jankowski.
9:55 of 2nd period - Shot Misses the Net.
9:57 of 2nd period - Snap shot by Mark Jankowski.
9:57 of 2nd period - Stopped by Michael Houser with a rebound.
10:38 of 2nd period - Wrist shot by Lane Pederson.
10:38 of 2nd period - Stopped by Jaroslav Halak with a rebound.
10:40 of 2nd period - Slapshot by Vincent Iorio.
10:40 of 2nd period - Shot Misses the Net.
10:42 of 2nd period - Snap shot by Ben Meyers.
10:42 of 2nd period - Stopped by Jaroslav Halak with a rebound.
12:31 of 2nd period - Marian Studenic is hit by Bobby Brink and loses puck.
13:01 of 2nd period - Denis Malgin is hit by Carson Soucy and loses puck.
13:14 of 2nd period - Bobby Brink is hit by Johnathan Kovacevic and loses puck.
13:39 of 2nd period - Anthony Richard is hit by Lucas Condotta.
14:17 of 2nd period - Lane Pederson is hit by William Carrier and loses puck.
14:22 of 2nd period - Snap shot by William Carrier.
14:22 of 2nd period - Stopped by Michael Houser with a rebound.
14:24 of 2nd period - Slapshot by Brock McGinn.
14:24 of 2nd period - Shot Misses the Net.
14:26 of 2nd period - Slapshot by Robert Hagg.
14:26 of 2nd period - Stopped by Michael Houser without a rebound.
14:27 of 2nd period - Marian Studenic wins face-off versus Alex Limoges in Abbotsford Heat zone.
15:06 of 2nd period - Mark Jankowski is hit by Jack Thompson.
15:16 of 2nd period - Slapshot by Mark Jankowski.
15:16 of 2nd period - Shot Misses the Net.
15:28 of 2nd period - Snap shot by William Carrier.
15:28 of 2nd period - Shot Misses the Net.
15:30 of 2nd period - Backhand shot by Brock McGinn.
15:30 of 2nd period - Shot Misses the Net.
15:32 of 2nd period - Slapshot by Ross Colton.
15:32 of 2nd period - Shot Blocked by Daniil Miromanov.
15:34 of 2nd period - Backhand shot by Ronan Seeley.
15:34 of 2nd period - Shot Misses the Net.
15:36 of 2nd period - Slapshot by William Carrier.
15:36 of 2nd period - Goal by William Carrier - Tucson Roadrunners : 2 - Abbotsford Heat : 2.
15:37 of 2nd period - Alex Limoges wins face-off versus Ross Colton in neutral zone.
15:46 of 2nd period - Vincent Desharnais is hit by Brock McGinn and loses puck.
16:07 of 2nd period - Off-side.
16:08 of 2nd period - Lane Pederson wins face-off versus Logan Shaw in neutral zone.
16:36 of 2nd period - Slapshot by Ryan Merkley.
16:36 of 2nd period - Shot Misses the Net.
16:57 of 2nd period - Minor Penalty to Ryan Merkley for Kneeing.
16:58 of 2nd period - Garnet Hathaway wins face-off versus Ross Colton in Abbotsford Heat zone.
18:50 of 2nd period - Snap shot by Daniil Gushchin.
18:50 of 2nd period - Stopped by Jaroslav Halak with a rebound.
18:56 of 2nd period - Daniil Gushchin is hit by Fabian Lysell and loses puck.
18:57 of 2nd period - Penalty to Ryan Merkley is over, Ryan Merkley is back on ice.
Goals for this period are 2 for Tucson Roadrunners vs 0 for Abbotsford Heat.
Shots for this period are 14 for Tucson Roadrunners vs 5 for Abbotsford Heat.
3rd period
0:01 of 3rd period - Alex Limoges wins face-off versus Ross Colton in neutral zone.
0:08 of 3rd period - Snap shot by Garnet Hathaway.
0:08 of 3rd period - Shot Misses the Net.
0:14 of 3rd period - Daniil Miromanov is hit by William Carrier.
0:30 of 3rd period - Off-side.
0:31 of 3rd period - Lane Pederson wins face-off versus Nicolas Petan in neutral zone.
1:20 of 3rd period - Slapshot by Benjamin Jones.
1:20 of 3rd period - Shot Misses the Net.
1:22 of 3rd period - Slapshot by Ronan Seeley.
1:22 of 3rd period - Shot Blocked by Vincent Desharnais.
2:25 of 3rd period - Garnet Hathaway is hit by Johnathan Kovacevic and loses puck.
3:07 of 3rd period - Icing by Jack Thompson.
3:08 of 3rd period - Alex Limoges wins face-off versus Benjamin Jones in Abbotsford Heat zone.
3:48 of 3rd period - Snap shot by Nicolas Petan.
3:48 of 3rd period - Shot Misses the Net.
3:50 of 3rd period - Slapshot by Ronan Seeley.
3:50 of 3rd period - Shot Misses the Net.
4:16 of 3rd period - Wrist shot by Matt Nieto.
4:16 of 3rd period - Stopped by Michael Houser without a rebound.
4:17 of 3rd period - Oskar Lindblom wins face-off versus Mark Jankowski in Abbotsford Heat zone.
4:17 of 3rd period - Oskar Lindblom is hit by Johnathan Kovacevic.
4:31 of 3rd period - Snap shot by Oskar Lindblom.
4:31 of 3rd period - Shot Blocked by Logan Shaw.
4:43 of 3rd period - Wrist shot by Bobby Brink.
4:43 of 3rd period - Shot Misses the Net.
4:49 of 3rd period - Snap shot by Benoit-Olivier Groulx.
4:49 of 3rd period - Stopped by Jaroslav Halak with a rebound.
5:07 of 3rd period - Snap shot by Oskar Lindblom.
5:07 of 3rd period - Stopped by Jaroslav Halak without a rebound.
5:08 of 3rd period - Ross Colton wins face-off versus Alex Limoges in Tucson Roadrunners zone.
5:10 of 3rd period - Minor Penalty to William Carrier for Interference.
5:11 of 3rd period - Ross Colton wins face-off versus Alex Limoges in Tucson Roadrunners zone.
5:21 of 3rd period - Wrist shot by Denis Malgin.
5:21 of 3rd period - Deflect By Garnet Hathaway.
5:21 of 3rd period - Shot Blocked by Ross Colton.
5:21 of 3rd period - Puck is out of play.
5:22 of 3rd period - Alex Limoges wins face-off versus Ross Colton in Tucson Roadrunners zone.
5:23 of 3rd period - Slapshot by Denis Malgin.
5:23 of 3rd period - Shot Blocked by Carson Soucy.
5:25 of 3rd period - Slapshot by Daniil Miromanov.
5:25 of 3rd period - Shot Blocked by Ross Colton.
5:27 of 3rd period - Slapshot by Denis Malgin.
5:27 of 3rd period - Goal by Denis Malgin - Tucson Roadrunners : 2 - Abbotsford Heat : 3.
5:28 of 3rd period - Ross Colton wins face-off versus Alex Limoges in neutral zone.
5:33 of 3rd period - Snap shot by William Carrier.
5:33 of 3rd period - Stopped by Michael Houser with a rebound.
5:40 of 3rd period - Denis Malgin is hit by Brock McGinn and loses puck.
5:54 of 3rd period - Carson Soucy is hit by Daniil Miromanov and loses puck.
5:59 of 3rd period - Snap shot by Ben Meyers.
5:59 of 3rd period - Shot Misses the Net.
6:01 of 3rd period - Wrist shot by Ben Meyers.
6:01 of 3rd period - Shot Misses the Net.
6:03 of 3rd period - Slapshot by Daniil Gushchin.
6:03 of 3rd period - Deflect By Lane Pederson.
6:03 of 3rd period - Shot Misses the Net.
6:03 of 3rd period - Puck is out of play.
6:04 of 3rd period - Marian Studenic wins face-off versus Benoit-Olivier Groulx in Tucson Roadrunners zone.
6:09 of 3rd period - Marian Studenic is hit by Oskar Lindblom and loses puck.
6:35 of 3rd period - Matt Nieto is hit by Garnet Hathaway and loses puck.
6:40 of 3rd period - Snap shot by Denis Malgin.
6:40 of 3rd period - Shot Misses the Net.
6:42 of 3rd period - Slapshot by Garnet Hathaway.
6:42 of 3rd period - Stopped by Jaroslav Halak with a rebound.
6:44 of 3rd period - Snap shot by Denis Malgin.
6:44 of 3rd period - Shot Blocked by Logan Shaw.
6:46 of 3rd period - Slapshot by Daniil Miromanov.
6:46 of 3rd period - Shot Blocked by Robert Hagg.
6:56 of 3rd period - Ross Colton is hit by Lane Pederson and loses puck.
7:45 of 3rd period - Alex Limoges is hit by Carson Soucy and loses puck.
8:17 of 3rd period - Minor Penalty to Ryan Merkley for High sticking.
8:18 of 3rd period - Oskar Lindblom wins face-off versus Mark Jankowski in Abbotsford Heat zone.
9:20 of 3rd period - Alex Limoges is hit by Logan Shaw and loses puck.
9:35 of 3rd period - Snap shot by Matt Nieto.
9:35 of 3rd period - Shot Blocked by Oskar Lindblom.
9:37 of 3rd period - Slapshot by Mark Jankowski.
9:37 of 3rd period - Shot Blocked by Vincent Iorio.
9:39 of 3rd period - Wrist shot by Logan Shaw.
9:39 of 3rd period - Shot Misses the Net.
9:41 of 3rd period - Slapshot by Robert Hagg.
9:41 of 3rd period - Shot Blocked by Oskar Lindblom.
9:43 of 3rd period - Backhand shot by Carson Soucy.
9:43 of 3rd period - Stopped by Michael Houser with a rebound.
10:07 of 3rd period - Wrist shot by Mark Jankowski.
10:07 of 3rd period - Stopped by Michael Houser without a rebound.
10:08 of 3rd period - Ross Colton wins face-off versus Garnet Hathaway in Abbotsford Heat zone.
10:09 of 3rd period - Slapshot by William Carrier.
10:09 of 3rd period - Shot Blocked by Garnet Hathaway.
10:11 of 3rd period - Slapshot by Johnathan Kovacevic.
10:11 of 3rd period - Stopped by Michael Houser with a rebound.
10:17 of 3rd period - Penalty to Ryan Merkley is over, Ryan Merkley is back on ice.
10:21 of 3rd period - Wrist shot by Denis Malgin.
10:21 of 3rd period - Shot Misses the Net.
10:23 of 3rd period - Slapshot by Daniil Miromanov.
10:23 of 3rd period - Stopped by Jaroslav Halak with a rebound.
10:25 of 3rd period - Wrist shot by Denis Malgin.
10:25 of 3rd period - Shot Misses the Net.
10:27 of 3rd period - Slapshot by Vincent Desharnais.
10:27 of 3rd period - Shot Blocked by William Carrier.
10:29 of 3rd period - Slapshot by Denis Malgin.
10:29 of 3rd period - Deflect By Ross Colton.
10:29 of 3rd period - Shot Misses the Net.
10:29 of 3rd period - Puck is out of play.
10:30 of 3rd period - Nicolas Petan wins face-off versus Lane Pederson in Tucson Roadrunners zone.
10:44 of 3rd period - Slapshot by Marian Studenic.
10:44 of 3rd period - Shot Blocked by Vincent Iorio.
10:46 of 3rd period - Snap shot by Anthony Richard.
10:46 of 3rd period - Stopped by Michael Houser without a rebound.
10:47 of 3rd period - Brock McGinn wins face-off versus Garnet Hathaway in Abbotsford Heat zone.
10:52 of 3rd period - Snap shot by William Carrier.
10:52 of 3rd period - Stopped by Michael Houser with a rebound.
11:12 of 3rd period - Anthony Richard is hit by Daniil Miromanov and loses puck.
11:39 of 3rd period - Slapshot by Daniil Gushchin.
11:39 of 3rd period - Stopped by Jaroslav Halak with a rebound.
11:41 of 3rd period - Wrist shot by Ben Meyers.
11:41 of 3rd period - Stopped by Jaroslav Halak without a rebound.
11:42 of 3rd period - Alex Limoges wins face-off versus Marian Studenic in Tucson Roadrunners zone.
11:52 of 3rd period - Off-side.
11:53 of 3rd period - Ross Colton wins face-off versus Alex Limoges in neutral zone.
11:56 of 3rd period - Backhand shot by William Carrier.
11:56 of 3rd period - Stopped by Michael Houser with a rebound.
11:58 of 3rd period - Slapshot by Carson Soucy.
11:58 of 3rd period - Stopped by Michael Houser with a rebound.
12:00 of 3rd period - Wrist shot by William Carrier.
12:00 of 3rd period - Stopped by Michael Houser without a rebound.
12:01 of 3rd period - Ross Colton wins face-off versus Alex Limoges in Abbotsford Heat zone.
12:52 of 3rd period - Wrist shot by Garnet Hathaway.
12:52 of 3rd period - Stopped by Jaroslav Halak with a rebound.
13:08 of 3rd period - Garnet Hathaway is hit by Johnathan Kovacevic and loses puck.
13:27 of 3rd period - Wrist shot by Denis Malgin.
13:27 of 3rd period - Shot Blocked by Carson Soucy.
13:37 of 3rd period - William Carrier is hit by Denis Malgin.
13:51 of 3rd period - Wrist shot by William Carrier.
13:51 of 3rd period - Stopped by Michael Houser without a rebound.
13:52 of 3rd period - Mark Jankowski wins face-off versus Benoit-Olivier Groulx in Abbotsford Heat zone.
16:49 of 3rd period - Chaz Lucius is hit by Brock McGinn and loses puck.
17:48 of 3rd period - Snap shot by Daniil Gushchin.
17:48 of 3rd period - Shot Misses the Net.
18:49 of 3rd period - Tucson Roadrunners, Jaroslav Halak is pulled from the net.
18:57 of 3rd period - Snap shot by Ross Colton.
18:57 of 3rd period - Stopped by Michael Houser with a rebound.
19:20 of 3rd period - Wrist shot by Alex Limoges.
19:20 of 3rd period - Deflect By Daniil Gushchin.
19:20 of 3rd period - Goal by Daniil Gushchin - Tucson Roadrunners : 2 - Abbotsford Heat : 4.
19:20 of 3rd period - Jaroslav Halak from Tucson Roadrunners was sent back in the game.
19:21 of 3rd period - Nicolas Petan wins face-off versus Ben Meyers in neutral zone.
19:29 of 3rd period - Off-side.
19:30 of 3rd period - Ben Meyers wins face-off versus Nicolas Petan in neutral zone.
19:41 of 3rd period - Wrist shot by Anthony Richard.
19:41 of 3rd period - Shot Blocked by Vincent Desharnais.
19:43 of 3rd period - Snap shot by Nicolas Petan.
19:43 of 3rd period - Shot Misses the Net.
19:45 of 3rd period - Wrist shot by Anthony Richard.
19:45 of 3rd period - Stopped by Michael Houser with a rebound.
19:47 of 3rd period - Slapshot by Robert Hagg.
19:47 of 3rd period - Deflect By Nicolas Petan.
19:47 of 3rd period - Shot Misses the Net.
19:47 of 3rd period - Puck is out of play.
19:48 of 3rd period - Benjamin Jones wins face-off versus Alex Limoges in Abbotsford Heat zone.
Goals for this period are 0 for Tucson Roadrunners vs 2 for Abbotsford Heat.
Shots for this period are 13 for Tucson Roadrunners vs 9 for Abbotsford Heat.
Back to the Top